 Dungeon Crawl Stone Soup version 0.29-a0-841-g116ddc6ace (webtiles) character file.

Game seed: 11733272103371800108

93 Gus979 the Grave Robber (level 4, 0/30 HPs)
             Began as a Demonspawn Necromancer on July 14, 2022.
             Slain by a phantom (5 damage)
             ... on level 4 of the Dungeon.
             The game lasted 00:10:26 (3861 turns).

Gus979 the Grave Robber (Demonspawn Necromancer)    Turns: 3861, Time: 00:10:26

Health: 0/30       AC:  4    Str:  8    XL:     4   Next: 36%
Magic:  4/8        EV: 13    Int: 19    God:
Gold:   164        SH:  0    Dex: 13    Spells: 1/9 levels left

rFire   . . .      SeeInvis .   (no weapon)
rCold   . . .      Faith    .   (no shield)
rNeg    . . .      Spirit   .   o - +1 leather armour
rPois   .          Reflect  .   (no helmet)
rElec   .          Harm     .   (no cloak)
rCorr   .          Rampage  .   (no gloves)
Will    .....                   (no boots)
Stlth   +.........              (no amulet)
HPRegen 0.10/turn               (no ring)
MPRegen 0.11/turn               (no ring)

@: silenced
A: repulsion field 1, demonic touch 2
a: no special abilities


You were on level 4 of the Dungeon.
You visited 1 branch of the dungeon, and saw 4 of its levels.

You collected 164 gold pieces.

Inventory:

Armour
 a - a +0 robe
 o - a +1 leather armour (worn)
Scrolls
 g - a scroll of acquirement
 l - a scroll of vulnerability {unknown}
Potions
 b - a potion of magic
 c - 2 potions of attraction {unknown}
 d - 2 potions of curing {unknown}
 h - a potion of heal wounds {unknown}
 i - a potion of might {unknown}
 m - a potion of berserk rage {unknown}
 n - a potion of haste {unknown}
 p - a potion of mutation {unknown}


   Skills:
 * Level 0.1 Fighting
 - Level 1.9 Dodging
 - Level 1.8 Stealth
 * Level 0.2 Unarmed Combat
 + Level 3.1 Spellcasting
 * Level 5.5 Necromancy


You had one spell level left.
You knew the following spells:

 Your Spells              Type           Power      Damage    Failure   Level
a - Necrotise             Necr           92%        1d8       2%          1
b - Vampiric Draining     Necr           23%        2d7       7%          3
c - Animate Dead          Necr           23%        N/A       22%         4

Your spell library contained the following spells:

 Spells                   Type           Power      Damage    Failure   Level
 Beastly Appendage        Tmut           4%         N/A       22%         1
 Summon Small Mammal      Summ           8%         N/A       22%         1
 Wereblood                Tmut           2%         N/A       32%         2
 Call Canine Familiar     Summ           2%         N/A       54%         3
 Spider Form              Tmut/Pois      2%         N/A       54%         3
 Summon Guardian Golem    Hex/Summ       2%         N/A       54%         3
 Agony                    Necr           23%        N/A       54%         5


Dungeon Overview and Level Annotations

Branches:
Dungeon (4/15)
 Temple: D:4-7

Altars:
Nemelex Xobeh

Annotations:
D:3 2 runed translucent doors, kkgakdfjhgaksdf's ghost, amateur DgAM


Innate Abilities, Weirdness & Mutations

You are surrounded by a mild repulsion field. (EV +2)
Your touch may inflict irresistible damage on your foes.


Message History

You are frozen.
The phantom hits you.
Casting: Necrotise (safe; 2% risk of failure)
Confirm with . or Enter, or press ? or * to list all spells.
Aiming: Necrotise (safe; 2% risk of failure)
Press: ? - help, Shift-Dir - straight line, f - endoplasm
Aim: an endoplasm (chance to affect: 91%)
The endoplasm writhes in agony.
Your kobold skeleton hits the phantom but does no damage.
The phantom hits you. The endoplasm hits you.
Casting: Necrotise (safe; 2% risk of failure)
Confirm with . or Enter, or press ? or * to list all spells.
The spell is quite dangerous to miscast (7% risk of failure)!
Continue anyway? [Y]es or [N]o only, please.
The spell is quite dangerous to miscast (7% risk of failure)!
Continue anyway?
Aiming: Vampiric Draining (quite dangerous; 7% risk of failure)
Press: ? - help, Shift-Dir - straight line, f/p - endoplasm
Aim: an endoplasm (almost dead)
You draw life force from the endoplasm!
You kill the endoplasm!
Your kobold skeleton closely misses the phantom.
The phantom hits you.
* * * LOW HITPOINT WARNING * * *
The phantom blinks!
You blink.
Found 2 metallic clear potions and a shortbow.
As you read the scroll labelled ENNURH OSMAYSY, it crumbles to dust.
It is a scroll of enchant armour.
Your +0 leather armour glows green for a moment.
The phantom barely misses you.
As you read the scroll labelled XAURESSIOSM, it crumbles to dust.
It is a scroll of identify.
g - a scroll of acquirement The phantom closely misses you.
As you read the scroll labelled LAITAE QEXYNT, it crumbles to dust.
You feel aware of your surroundings.
You sensed 2 altars.
It was a scroll of magic mapping.
The phantom hits you.
* * * LOW HITPOINT WARNING * * *
As you read the scroll labelled ZAYPTE JUNOWORR, it crumbles to dust.
A profound silence engulfs you.
It was a scroll of silence.
The phantom hits you.
You die...

,*,,,**,,,,,,,,#.....#......#....
***********,,,,###..##########.##
,*,**,,,***,,,,*##..###...####.##
*≈,,*,,,,,,,,,,,+.........#......
≈≈≈**,,,,,,,,,,,#.........#......
≈≈≈,*,,,,,,,,<,,#..Z......#......
,≈,,**+****,,,,,##...########..♣.
,,**,,,**#########...##.,,**##+#.
***,,,,,,......W@Z.)........,,,♣.
*,,,,,,.!.................,,,..
*,,,,,,........?..........,,,♣.
****+****....##.##...##...##*,,#.
*,,*,,,**...,*#.*#...#*####**,,♣.
*,,,,,,,*..,,,..,....#,,>,,,,,,,,
*,,,,,,,*.,,,,.......+,,,,,,,,,,*
*,,,,,,,*,,,,...,,,).#,,,,,,,,,,*
*********************************


You could see a phantom (ally target) and a friendly kobold skeleton.

Vanquished Creatures
  3 adders (D:3)
  A worm (D:1)
  A dart slug (D:2)
  3 orcs (D:3)
  2 ball pythons
  4 endoplasms
  4 goblins
  8 hobgoblins
  3 jackals
  6 kobolds
  3 quokkas
  5 bats
  6 frilled lizards
  3 rats (D:2)
52 creatures vanquished.

Vanquished Creatures (collateral kills)
  A jackal (D:1)
  A rat (D:3)
2 creatures vanquished.

Vanquished Creatures (others)
  2 plants (D:3)
2 creatures vanquished.

Grand Total: 56 creatures vanquished

Notes
Turn   | Place    | Note
-------+----------+-------------------------------------------
     0 | D:1      | Gus979 the Demonspawn Necromancer began the quest for the
                  | Orb.
     0 | D:1      | Reached XP level 1. HP: 13/13 MP: 3/3
   332 | D:1      | Gained mutation: You are surrounded by a mild repulsion
                  | field. (EV +2) [demonic ancestry]
   332 | D:1      | Reached XP level 2. HP: 19/19 MP: 3/5
  1903 | D:2      | Found a faded altar of an unknown god.
  2013 | D:2      | Gained mutation: Your touch may inflict minor irresistible
                  | damage on your foes. [demonic ancestry]
  2013 | D:2      | Reached XP level 3. HP: 24/24 MP: 4/6
  2143 | D:2      | Reached skill level 5 in Necromancy
  3003 | D:3      | Learned a level 3 spell: Vampiric Draining
  3012 | D:3      | Gained mutation: Your touch may inflict irresistible damage
                  | on your foes. [demonic ancestry]
  3012 | D:3      | Reached XP level 4. HP: 30/30 MP: 3/8
  3356 | D:3      | Found a large runed translucent door.
  3356 | D:3      | Found a large runed translucent door.
  3362 | D:3      | Learned a level 4 spell: Animate Dead
  3362 | D:3      | Noticed kkgakdfjhgaksdf's ghost (amateur DgAM)
  3803 | D:4      | Found a sparkling altar of Nemelex Xobeh.
  3851 | D:4      | Noticed a phantom
  3859 | D:4      | Identified a scroll of acquirement
  3861 | D:4      | Slain by a phantom

Illustrated notes

Levels and vault maps discovered:
D:1:      dpeg_arrival_chambers_temple_mockup, layout_loops_ring, minivault_26,
          minmay_misc_feat_ornament
D:2:      layout_loops_corners, serial_rivers, chequers_serial_rivers_small_b,
          chequers_serial_rivers_small_3, chequers_serial_rivers_small_a,
          chequers_serial_rivers_large_b, shapermc_ecumenical_altar_mp_vishouse,
          nicolae_kite_square_tiling_tiny, dreamdust_wishing_well,
          grunt_ministairs_15
D:3:      layout_loops_ring, ebering_ghost_disaster_area,
          guppyfry_early_lair_pool
D:4:      layout_gridville, zin_academy, mainiacjoe_overflow_catch_the_wave,
          serial_forest, infiniplex_forest_lined_room_3,
          infiniplex_forest_corner_1, infiniplex_forest_lined_2,
          infiniplex_forest_pool, infiniplex_forest_end_2,
          infiniplex_forest_pool, infiniplex_forest_lined_4_way, moated_statue,
          uniq_pikel

Skill      XL: |  1  2  3 |
---------------+----------+-----
Necromancy     | 5 |  5.5
Spellcasting   | 3 |  3.1
Fighting       | |  0.1
Dodging        | |  1.9
Stealth        | |  1.8
Unarmed Combat | |  0.2

Action                   |  1- 3 |  4- 6 || total
-------------------------+-------+-------++-------
Melee: Unarmed           |    11 |    16 ||    27
       Falchion          |     6 |     3 ||     9
       Touch             |     2 |     2 ||     4
 Cast: Necrotise         |    76 |    22 ||    98
       Vampiric Draining |       |     1 ||     1
  Use: Scroll            |       |     4 ||     4
Armor: Robe              |     3 |       ||     3
       Leather armour    |       |     2 ||     2
Dodge: Dodged            |    28 |    26 ||    54

Table legend: (Time is in decaauts)
 A = Elapsed time spent in this place.
 B = Non-inter-level travel time spent in this place.
 C = Inter-level travel time spent in this place.
 D = Time resting spent in this place.
 E = Time spent auto-exploring this place.
 F = Levels seen in this place.
 G = Mean time per level.
                   A        B        C        D        E       F      G
               +--------+--------+--------+--------+--------+-----+--------+
         Total |   3900 |   3760 |    140 |    256 |   3073 |   4 |  975.0 |
       Dungeon |   3900 |   3760 |    140 |    256 |   3073 |   4 |  975.0 |
               +--------+--------+--------+--------+--------+-----+--------+

Top non-repeatable levels by time:
     D:1: 1582 daAuts
     D:2: 1343 daAuts
     D:3: 894 daAuts
     D:4: 79 daAuts
